 Dungeon Crawl Stone Soup version 0.30.1-4-g462c640d31 (webtiles) character file.

Game seed: 1904395094335648494

79 spardeous the Conjurer (level 3, -4/26 HPs)
             Began as a Demigod Conjurer on Aug 10, 2023.
             Slain by a cerulean imp
             ... wielding a +2 spear
             ... summoned by Natasha
              (6 damage)
             ... on level 2 of the Dungeon.
             The game lasted 00:01:19 (1671 turns).

spardeous the Conjurer (Demigod Conjurer)           Turns: 1671, Time: 00:01:19

Health: -4/26      AC:  2    Str:  8    XL:     3   Next: 97%
Magic:  8/10       EV: 12    Int: 24    God:
Gold:   59         SH:  0    Dex: 12    Spells: 5/8 levels left

rFire   . . .        (no weapon)
rCold   . . .        (no shield)
rNeg    . . .        a - +0 robe
rPois   .            (no helmet)
rElec   .            (no cloak)
rCorr   .            (no gloves)
SInv    .            (no boots)
Will    .....        (no amulet)
Stlth   ++           (no ring)
HPRegen 0.24/turn    (no ring)
MPRegen 0.12/turn

%: no passive effects
@: no status effects
A: high MP 1, forlorn, divine attributes
a: no special abilities


You were on level 2 of the Dungeon.
You visited 1 branch of the dungeon, and saw 2 of its levels.

You collected 59 gold pieces.

Inventory:

Missiles
 f - 2 throwing nets
Armour
 a - a +0 robe (worn)
Jewellery
 g - a ring of protection from fire
Wands
 h - a wand of acid (5)
Scrolls
 d - 2 scrolls of teleportation {unknown}
 e - 3 scrolls of identify {unknown}
Potions
 c - a potion of might {unknown}


   Skills:
 - Level 1.7 Dodging
 - Level 1.7 Stealth
 + Level 3.2 Spellcasting
 + Level 4.2 Conjurations


You had 5 spell levels left.
You knew the following spells:

 Your Spells              Type           Power      Damage    Failure   Level
a - Magic Dart            Conj           96%        1d7       1%          1
b - Searing Ray           Conj           48%        2d6       2%          2

Your spell library contained the following spells:

 Spells                   Type           Power      Damage    Failure   Level
 Dazzling Flash           Conj/Hex       28%        N/A       13%         3
 Fulminant Prism          Conj/Hex       7%         3d7       41%         4
 Iskenderun's Mystic Bla  Conj/Tloc      14%        2d5       41%         4


Dungeon Overview and Level Annotations

Branches:
Dungeon (2/15)

Annotations:
D:2 Natasha


Innate Abilities, Weirdness & Mutations

You have an increased reservoir of magic. (+10% MP)
You shall have no god before yourself.
Your divine heritage dramatically boosts your attributes as you level up.


Message History

The magic dart hits Natasha.
Natasha is heavily wounded.
Natasha misses you. The cerulean imp barely misses you.
You take 13 damage, and have 13/26 hp.
MASSIVE DAMAGE!!
You now have 1/10 mp.
There are monsters nearby!
Casting: Magic Dart (safe; 1% risk of failure)
Confirm with . or Enter, or press ? or * to list all spells.
Aiming: Magic Dart (safe; 1% risk of failure)
Press: ? - help, Shift-Dir - straight line, f/p - Natasha
Aim: Natasha (heavily wounded, 100% to hit)
The magic dart hits Natasha.
Natasha is heavily wounded.
Natasha claws you!
* * * LOW HITPOINT WARNING * * *
The cerulean imp misses you.
You take 7 damage, and have 6/26 hp.
MASSIVE DAMAGE!!
You now have 0/10 mp.
Unknown command.
Casting: Magic Dart (safe; 1% risk of failure)
Confirm with . or Enter, or press ? or * to list all spells.
You don't have enough magic to cast this spell.
Unknown command.
Unknown command.
Magic courses through your body. Natasha claws you.
* * * LOW HITPOINT WARNING * * *
The cerulean imp hits you from afar with a +2 spear.
* * * LOW HITPOINT WARNING * * *
You take 5 damage, and have 1/26 hp.
MP restored: 10 Unknown command.
Casting: Magic Dart (safe; 1% risk of failure)
Confirm with . or Enter, or press ? or * to list all spells.
Aiming: Searing Ray (safe; 2% risk of failure)
Press: ? - help, Shift-Dir - straight line, f/p - Natasha
Aim: Natasha (heavily wounded, 74% to hit)
The searing ray misses Natasha.
The searing ray hits the cerulean imp.
The cerulean imp is lightly wounded. (Press . to maintain the ray.) Natasha closely misses you.
The cerulean imp hits you from afar with a +2 spear.
You die...

.####....#........#
##..........#........#
....................#
...................#
....>......########
#.#####......#
#.5##...##...#####
#h##...###....[.#
#@.†...# #..###.##
###....# ##...#...
##...# ###...#. #...#
###... #...# ####
#...# #...# #...#


You could see Natasha and a cerulean imp (summoned).

Vanquished Creatures
  Natasha (D:2)
  A gnoll (D:1)
  An adder (D:2)
  A dart slug (D:1)
  3 ball pythons
  4 bats (D:1)
  2 endoplasms (D:1)
  2 giant cockroaches (D:1)
  A goblin (D:1)
  2 hobgoblins (D:1)
  10 jackals (D:1)
  A frilled lizard (D:1)
  2 kobolds
  2 rats (D:2)
33 creatures vanquished.

Notes
Turn   | Place    | Note
-------+----------+-------------------------------------------
     0 | D:1      | spardeous the Demigod Conjurer began the quest for the Orb.
     0 | D:1      | Reached XP level 1. HP: 14/14 MP: 5/5
   426 | D:1      | Reached XP level 2. HP: 20/20 MP: 3/7
  1129 | D:1      | Reached skill level 4 in Conjurations
  1129 | D:1      | Reached XP level 3. HP: 20/26 MP: 1/9
  1132 | D:1      | Learned a level 2 spell: Searing Ray
  1630 | D:2      | Noticed Natasha
  1633 | D:2      | Killed Natasha
  1658 | D:2      | Noticed Natasha
  1670 | D:2      | HP: 1/26 [cerulean imp/+2 spear[Natasha] (2)]
  1671 | D:2      | Slain by a cerulean imp

Illustrated notes

Levels and vault maps discovered:
D:1:      ncdulo_wetmaze, layout_loops_ring, chequers_serial_rivers_micro_c,
          corner_web_ring
D:2:      layout_rooms, basic_altar, uniq_natasha

Skill      XL: |  1  2  3 |
---------------+----------+-----
Spellcasting   | 2 3 |  3.2
Conjurations   | 4 |  4.2
Dodging        | |  1.7
Stealth        | |  1.7

Action                     || total
---------------------------++-------
  Melee: Unarmed           ||     5
   Cast: Magic Dart        ||   104
         Searing Ray       ||     1
    Use: Potion            ||     1
 Armour: Robe              ||    11
  Dodge: Dodged            ||    27
